 Dungeon Crawl Stone Soup version 0.19-a0-1107-gc676ff4 (webtiles) character file.

42513 mistymad the Grappler (level 13, -1/131 HPs)
             Began as a Troll Earth Elementalist on Aug 9, 2016.
             Killed from afar by a rime drake (18 damage)
             ... with a flash freeze
             ... on level 5 of the Lair of Beasts.
             The game lasted 01:08:53 (18488 turns).

mistymad the Grappler (Troll Earth Elementalist)   Turns: 18488, Time: 01:08:53

Health: -1/131     AC: -8    Str: 19    XL:     13   Next: 85%
Magic:  18/18      EV: 13    Int: 15    God:
Gold:   702        SH: 14    Dex: 10    Spells: 1 memorised, 18 levels left

rFire  . . .     SeeInvis .       - Unarmed
rCold  . . .     Gourm    +     R - +2 robe {rN+}
rNeg   + . .     Faith    .     g - +3 shield
rPois  .         Spirit   .     E - +0 hat
rElec  .         Dismiss  .     M - +0 cloak (curse)
rCorr  .         Reflect  .     (gloves unavailable)
SustAt .         Harm     .     (boots unavailable)
MR     +....                    w - amulet of regeneration
Stlth  +.........               O - +3 ring of slaying
                                K - ring of protection from magic

@: lethally poisoned (-1 -> -1), about to teleport, corroded, very slightly
contaminated
A: unfitting armour, claws 3, fast metabolism 3, gourmand, regeneration 2,
shaggy fur 1, tough skin 2
a: no special abilities


You were on level 5 of the Lair of Beasts.
You were not hungry.

You visited 3 branches of the dungeon, and saw 17 of its levels.

You collected 1028 gold pieces.
You spent 326 gold pieces at shops.

Inventory:

Hand Weapons
 N - a +1 giant spiked club
Missiles
 Y - 6 javelins of returning (quivered)
Armour
 c - the +2 robe of Abstinence {rF- rC+ rCorr Int+2}
   (You bought it in a shop on level 9 of the Dungeon)

   It affects your intelligence (+2).
   It makes you vulnerable to fire.
   It protects you from cold.
   It protects you from acid and corrosion.
 g - a +3 shield (worn)
 E - a +0 hat (worn)
 M - a cursed +0 cloak (worn)
 R - a +2 robe of positive energy (worn)
Magical Staves
 U - an uncursed staff of earth
Jewellery
 w - an amulet of regeneration (around neck)
 K - a ring of protection from magic (left claw)
 O - a +3 ring of slaying (right claw)
Wands
 q - a wand of teleportation (3/9)
 s - a wand of lightning (6/15)
 B - a wand of confusion (22/48)
 L - a wand of digging (2/24)
 P - a wand of iceblast (5/15)
 Q - a wand of enslavement (2/24)
 W - a wand of hasting (5/9)
 X - a wand of lightning (4/15)
 Z - a wand of paralysis (11/24)
Scrolls
 b - a scroll of fog
 j - 5 scrolls of enchant armour
 o - 6 scrolls of teleportation
 p - 2 scrolls of magic mapping
 x - 2 scrolls of immolation
 y - a scroll of enchant weapon
 C - 3 scrolls of recharging
 D - 3 scrolls of remove curse
 H - 5 scrolls of identify
 J - a scroll of fear
 S - 2 scrolls of amnesia
Potions
 f - 6 potions of curing
 h - 2 potions of cancellation
 i - 2 potions of haste
 k - 2 potions of flight
 l - 3 potions of brilliance
 n - 2 potions of heal wounds
 u - a potion of berserk rage
 z - 2 potions of ambrosia
 F - 4 potions of invisibility
 I - a potion of magic
 T - 2 potions of agility
 V - 2 potions of might
Books
 e - a book of Geomancy

   Spells                             Type                      Level
   a - Sandblast                      Earth                        1
   b - Passwall                       Transmutation/Earth          2
   c - Stone Arrow                    Conjuration/Earth            3
   d - Petrify                        Transmutation/Earth          4
   e - Lee's Rapid Deconstruction     Earth                        5
Miscellaneous
 G - a phantom mirror
Comestibles
 a - 5 meat rations
 d - 9 bread rations
 r - 4 slices of pizza
 t - a fruit
 v - a royal jelly
 A - a beef jerky


   Skills:
 + Level 9.4 Fighting
 - Level 8.2 Dodging
 - Level 1.1 Stealth
 + Level 9.3 Shields
 + Level 11.0 Unarmed Combat
 - Level 4.3 Spellcasting
 - Level 0.6 Transmutations
 + Level 9.8 Earth Magic


You had 18 spell levels left.
You knew the following spells:

 Your Spells              Type           Power        Failure   Level  Hunger
b - Passwall              Tmut/Erth      ###.......   3%          2    ##.....


Dungeon Overview and Level Annotations

Branches:
Dungeon (10/15)            Temple (1/1) D:4            Lair (6/6) D:9
  Swamp (0/4) Lair:3       Spider (0/4) Lair:4        Slime (0/5) Lair:5
    Orc (0/2) D:10

Altars:
Ashenzari
Cheibriados
Dithmenos
Elyvilon
Fedhas
Gozag
Hepliaklqana
Kikubaaqudgha
Makhleb
Nemelex Xobeh
Okawaru
Pakellas
Qazlal
Ru
Sif Muna
Trog
Uskayaw
Vehumet
Xom
Yredelemnul
Zin
The Shining One
Lugonu

Shops:
D:9 [

Annotations:
D:4 Menkaure
Lair:2 Duffy's ghost, journeyman CeGl
Lair:5 exclusion: 2 upstairs


Innate Abilities, Weirdness & Mutations

You are too large for most types of armour.
You have claws for hands.
Your metabolism is lightning-fast.
You like to eat raw meat.
You heal very quickly.
You are covered in fur. (AC +1)
You have very tough skin. (AC +2)


Message History

You feel sick.
You feel sick.
A rime drake comes into view.
The rime drake hisses angrily.
The entropy weaver casts a spell.
The entropic weave corrodes you!
The soldier ant waves its antennae.
You regained 2 hp, and now have 16/131 hp.
You feel sick.
Evoke which item? (* to show all) (? for menu, Esc to quit)
Zapping:
q - a wand of teleportation {zapped: 4} (will waste charges)
Press: ? - help, Shift-Dir - straight line, f - you You feel strangely unstable.
Evoking this partially-identified wand wasted a few charges.
You feel sick.
The entropy weaver casts a spell.
The entropic weave corrodes you! The rime drake breathes ice at you.
The flash freeze hits you!
You die...

.###...#.#.....P.#.#........#
............................##
.........................#.#.#
#..#.....##.................##
####.#####..##...#..........# ###
########......#..###
###...#......##
##...k.........#####
#####..@..P..........##. #
##.##.#.................. ##
###.#.......#..........#(.. .#
#.#..#..a####.....#.#P#....
########......a# ##.....####....
..#....##.....## ##......####...#
P.P...####.....###.##....#P....#.
P......###......##...........PP##
.....<..#......#.##...........##


You could see an entropy weaver, a rime drake and a soldier ant.

Vanquished Creatures
  A hydra (Lair:1)
  A catoblepas (Lair:6)
  A death knight (D:9)
  12 death yaks
  The ghost of Leszczynek the Carver, a novice HEGl of Yredelemnul (D:8)
  Pikel (D:8)
  2 manticores (Lair:6)
  4 griffons
  10 elephants
  4 black mambas
  8 spiny frogs
  A gargoyle (D:10)
  10 komodo dragons
  2 rime drakes
  Grinder (D:5)
  4 slime creatures (Lair:5)
  15 blink frogs
  A redback (Lair:4)
  2 fire bats (Lair:4)
  24 yaks
  A wyvern (Lair:6)
  6 hippogriffs
  7 soldier ants (Lair:6)
  Duvessa (D:7)
  13 water moccasins
  7 porcupines
  2 orc warriors
  3 ice beasts
  2 black bears (D:6)
  A sky beast (D:5)
  A phantom (D:10)
  A slave (D:8)
  4 ogres
  4 centaurs
  15 wolves
  10 crocodiles
  Blork the orc (D:4)
  2 big kobolds
  13 giant frogs
  Dowan (D:7)
  2 scorpions
  6 killer bees
  14 wights
  2 howler monkeys (D:7)
  A giant frog zombie (D:5)
  A lava snake (Lair:4)
  7 crimson imps
  A centaur zombie (D:9)
  10 hounds
  A jelly (D:9)
  8 orc priests
  11 orc wizards
  2 giant frog skeletons
  8 iguanas
  Terence (D:3)
  Natasha (thrice) (D:2)
  16 worker ants
  8 sheep
  A hound skeleton (D:9)
  6 gnolls
  10 adders
  37 river rats
  2 shadow imps
  3 oozes
  An adder skeleton (D:4)
  7 giant geckos
  31 orcs
  A ball python (D:8)
  8 bats
  2 bat zombies (D:4)
  4 giant cockroaches
  6 goblins
  10 hobgoblins
  10 jackals
  4 quokkas
  4 giant newts
  14 kobolds
  A quokka zombie (D:5)
  2 rats
  A rat zombie (D:4)
467 creatures vanquished.

Vanquished Creatures (others)
  A wyvern (D:7)
  2 slaves (D:8)
  A giant frog (D:9)
  An adder skeleton (D:8)
  A giant gecko (D:8)
  18 fungi
  15 plants
39 creatures vanquished.

Grand Total: 506 creatures vanquished

Notes
Turn   | Place    | Note
-------+----------+-------------------------------------------
     0 | D:1      | mistymad the Troll Earth Elementalist began the quest for the Orb.
     0 | D:1      | Reached XP level 1. HP: 16/16 MP: 1/1
   220 | D:1      | Reached XP level 2. HP: 24/24 MP: 2/2
   312 | D:1      | Reached skill level 1 in Shields
   332 | D:1      | Reached skill level 1 in Unarmed Combat
   532 | D:2      | Reached XP level 3. HP: 32/32 MP: 3/3
   571 | D:2      | Noticed Natasha
   574 | D:2      | Killed Natasha
   825 | D:2      | Reached skill level 1 in Fighting
   875 | D:2      | Reached XP level 4. HP: 16/41 MP: 4/4
   986 | D:2      | Found a sparkling altar of Nemelex Xobeh.
  1159 | D:2      | Noticed Natasha
  1180 | D:2      | Killed Natasha
  1180 | D:2      | Reached skill level 2 in Unarmed Combat
  1186 | D:2      | Noticed Natasha
  1211 | D:2      | Killed Natasha
  1211 | D:2      | Reached XP level 5. HP: 48/48 MP: 5/5
  1735 | D:3      | Found an iron altar of Okawaru.
  1919 | D:3      | Noticed Terence
  1934 | D:3      | Killed Terence
  1996 | D:3      | Found a faded altar of an unknown god.
  1998 | D:3      | Found a white marble altar of Elyvilon.
  2362 | D:4      | Noticed Blork the orc
  2383 | D:4      | Killed Blork the orc
  2383 | D:4      | Reached skill level 3 in Unarmed Combat
  2383 | D:4      | Reached XP level 6. HP: 33/57 MP: 6/6
  2547 | D:4      | Found a staircase to the Ecumenical Temple.
  2624 | Temple   | Entered the Ecumenical Temple
  2752 | D:4      | Noticed Menkaure
  2865 | D:4      | Found a snail-covered altar of Cheibriados.
  3145 | D:4      | Found an ancient bone altar of Kikubaaqudgha.
  3179 | D:5      | Entered Level 5 of the Dungeon
  3248 | D:5      | Learned a level 2 spell: Passwall
  3258 | D:5      | Noticed Grinder
  3265 | D:5      | Paralysed by Grinder for 6 turns
  3286 | D:5      | Killed Grinder
  3286 | D:5      | Reached XP level 7. HP: 48/66 MP: 6/8
  3475 | D:5      | Reached skill level 4 in Unarmed Combat
  3895 | D:5      | Found a burning altar of Makhleb.
  3925 | D:5      | Reached XP level 8. HP: 75/75 MP: 10/10
  4574 | D:6      | Reached skill level 5 in Unarmed Combat
  4687 | D:6      | Found a shattered altar of Ashenzari.
  4690 | D:6      | Found a hide-covered altar of Uskayaw.
  4805 | D:6      | Found a shadowy altar of Dithmenos.
  5354 | D:6      | Found a bloodstained altar of Trog.
  5592 | D:7      | Reached XP level 9. HP: 71/84 MP: 11/11
  5818 | D:7      | Noticed Dowan
  5820 | D:7      | Noticed Duvessa
  5834 | D:7      | Killed Duvessa
  5839 | D:7      | Killed Dowan
  5892 | D:7      | Found an oddly glowing altar of Pakellas.
  5892 | D:7      | Noticed an orange crystal statue
  6227 | D:7      | Reached skill level 5 in Dodging
  6610 | D:8      | Reached skill level 5 in Shields
  6661 | D:8      | Reached skill level 6 in Unarmed Combat
  6796 | D:8      | Noticed Leszczynek's ghost (novice HEGl)
  6972 | D:8      | Found a shimmering altar of Xom.
  7200 | D:8      | Reached XP level 10. HP: 70/94 MP: 14/14
  7259 | D:8      | Noticed Pikel
  7286 | D:8      | Killed Pikel
  7286 | D:8      | Reached skill level 5 in Fighting
  7757 | D:8      | Reached skill level 5 in Earth Magic
  8226 | D:8      | Killed Leszczynek's ghost
  8226 | D:8      | Reached skill level 7 in Unarmed Combat
  8374 | D:9      | Noticed a death yak
  8438 | D:9      | Killed a death yak
  8611 | D:9      | Reached XP level 11. HP: 101/105 MP: 16/16
  8659 | D:9      | Found Feikuy's Antique Armour Boutique.
  8665 | D:9      | Bought a distressingly furry robe for 182 gold pieces
  8665 | D:9      | Identified the +2 robe of Abstinence {rF- rC+ rCorr Int+2} (You bought it in a shop on level 9 of the Dungeon)
  8684 | D:9      | Bought an embroidered cloak for 144 gold pieces
  8700 | D:9      | Found a staircase to the Lair.
  8718 | D:9      | Noticed a death knight
  8933 | D:9      | Found a stormy altar of Qazlal.
  9456 | D:9      | Killed a death knight
  9608 | D:10     | Entered Level 10 of the Dungeon
  9608 | D:10     | Noticed a hill giant
  9869 | D:10     | Found a staircase to the Orcish Mines.
 10015 | D:10     | Found a shimmering altar of Xom.
 10113 | Lair:1   | Entered Level 1 of the Lair of Beasts
 10447 | Lair:1   | Noticed a seven-headed hydra
 10471 | Lair:1   | Killed a seven-headed hydra
 10471 | Lair:1   | Reached skill level 8 in Unarmed Combat
 11207 | Lair:2   | Noticed Duffy's ghost (journeyman CeGl)
 11217 | Lair:2   | Noticed a griffon
 11849 | Lair:2   | Noticed an eight-headed hydra
 12327 | Lair:3   | Reached XP level 12. HP: 16/118 MP: 17/17
 12443 | Lair:3   | Found a staircase to the Swamp.
 12850 | Lair:3   | Noticed a death yak
 12851 | Lair:3   | Noticed a death yak
 12863 | Lair:3   | Noticed a death yak
 12866 | Lair:3   | Noticed a death yak
 12867 | Lair:3   | Noticed a death yak
 12872 | Lair:3   | Killed a death yak
 12921 | Lair:3   | You fall through a shaft!
 13049 | Lair:4   | aronpayne: saved by he shaft!
 13188 | Lair:4   | Got an ivory battleaxe
 13252 | Lair:4   | Noticed a seven-headed hydra
 13472 | Lair:3   | Killed a death yak
 13472 | Lair:3   | Reached skill level 9 in Unarmed Combat
 13483 | Lair:3   | Killed a death yak
 13492 | Lair:3   | Killed a death yak
 13585 | Lair:3   | Killed a death yak
 14154 | Lair:4   | Found a hole to the Spider Nest.
 14354 | Lair:4   | aronpayne: That hydra really wants to eat troll
 14355 | Lair:4   | mistymad: that hydra want multiply heads =(
 14718 | Lair:5   | Found a staircase to the Slime Pits.
 14863 | Lair:5   | Noticed a five-headed hydra
 15195 | Lair:5   | Reached XP level 13. HP: 101/127 MP: 18/18
 15653 | Lair:4   | Reached skill level 10 in Unarmed Combat
 15847 | Lair:6   | Entered Level 6 of the Lair of Beasts
 17348 | Lair:4   | HP: 5/131 [seven-headed hydra (4)]
 18358 | Lair:5   | Reached skill level 11 in Unarmed Combat
 18444 | Lair:6   | Noticed an entropy weaver
 18488 | Lair:5   | Killed from afar by a rime drake

Vault maps used:
D:1:      zaba_arrival_water, grunt_decor_arrowhead
D:2:      nemelex_xobeh_ov_fountains_minmay, first_bread, uniq_natasha
D:3:      okawaru_trees_1, elyvilon_altar_4, ecumenical_altar_2, minmay_unequal,
          uniq_terence
D:4:      lemuel_crystal_altar, lemuel_zombie_altar_kikubaaqudgha,
          uniq_menkaure, uniq_blork_the_orc
D:5:      makhleb_heckhound_becter, uniq_grinder
D:6:      grunt_dithmenos_shadows, trog_ov_bears_minmay,
          nicolae_overflow_hidden_temple, hangedman_decor_growths
D:7:      gammafunk_pakellas_statue_experiment, uniq_duvessa
D:8:      kennysheep_mini_moat, uniq_pikel
D:9:      grunt_qazlal_clouds, dpeg_lair_monsters, serial_shops,
          nicolae_shop_crystal
D:10:     lemuel_troll_bridge, orc_0_dummy, basic_altar
Temple:   kb_corrupted_temple
Lair:2:   grunt_megastairs_3
Lair:3:   swamp_mist_pool
Lair:4:   spider_nest_entry_webs, serial_bayou_pond_b, serial_bayou_shore_b,
          serial_bayou_shore_b
Lair:5:   minmay_slime_entry_pillars
Lair:6:   hangedman_lair_in_review, guppyfry_lair_end_dragon, minivault_29,
          serial_bayou_shore_b, infiniplex_staircase_pool_2,
          serial_bayou_shore_b

Skill      XL: |  1  2  3  4  5  6  7  8  9 10 11 12 13 |
---------------+----------------------------------------+-----
Shields        | 1 2 3 4 5 6 7 8 9 |  9.3
Unarmed Combat | 1 2 3 4 5 6 7 8 9 11 | 11.0
Dodging        | 2 3 4 5 6 7 8 |  8.2
Fighting       | 1 2 3 4 5 7 8 9 |  9.4
Spellcasting   | 2 3 4 |  4.3
Earth Magic    | 3 4 5 7 8 9 |  9.8
Stealth        | |  1.1
Transmutations | |  0.6

Action                   |  1- 3 |  4- 6 |  7- 9 | 10-12 | 13-15 || total
-------------------------+-------+-------+-------+-------+-------++-------
Melee: Unarmed           |   119 |   211 |   521 |  1011 |   463 ||  2325
Throw: Stone             |     1 |       |     7 |       |       ||     8
Evoke: Wand              |       |       |       |       |     9 ||     9
  Use: Potion            |     1 |       |     1 |     2 |     1 ||     5
       Scroll            |       |     5 |    11 |    20 |     1 ||    37
 Stab: Sleeping          |     1 |     1 |     1 |     1 |     2 ||     6
  Eat: Chunk             |    14 |    18 |    41 |    74 |    25 ||   172
Armor: Robe              |    40 |    47 |    98 |   168 |    69 ||   422
       Skin              |       |       |     7 |    11 |    27 ||    45
Dodge: Dodged            |    34 |    59 |   132 |   318 |   197 ||   740
Block: Shield            |    54 |    91 |   251 |   586 |   311 ||  1293
